 Dungeon Crawl Stone Soup version 0.22-a0-283-g1871b15 (webtiles) character file.

51 newphone the Charmwright (level 4, -3/29 HPs)
             Began as a Halfling Skald on Mar 18, 2018.
             Slain by an adder (4 damage)
             ... on level 2 of the Dungeon.
             The game lasted 00:02:31 (1186 turns).

newphone the Charmwright (Halfling Skald)           Turns: 1186, Time: 00:02:31

Health: -3/29      AC:  3    Str: 13    XL:     4   Next: 7%
Magic:  6/6        EV: 14    Int: 16    God:
Gold:   14         SH:  0    Dex: 13    Spells: 3/6 levels left

rFire    . . .     SeeInvis .   a - +0 falchion
rCold    . . .     Gourm    .   (shield restricted)
rNeg     . . .     Faith    .   b - +0 leather armour
rPois    .         Spirit   .   (no helmet)
rElec    .         Reflect  .   (no cloak)
rCorr    .         Harm     .   (no gloves)
MR       .....                  (no boots)
Stlth    +.........             (no amulet)
HPRegen  0.09/turn              (no ring)
MPRegen  0.10/turn              (no ring)

@: brilliant
A: small, mutation resistance 1
a: no special abilities


You were on level 2 of the Dungeon.
You were not hungry.

You visited 1 branch of the dungeon, and saw 2 of its levels.

You collected 14 gold pieces.

Inventory:

Hand Weapons
 a - a +0 falchion (weapon)
Armour
 b - a +0 leather armour (worn)
 c - a +0 ring mail
Jewellery
 g - an uncursed ring of resist corrosion {unknown}
 m - an uncursed amulet of the acrobat {unknown}
Scrolls
 i - a scroll of teleportation {unknown}
 j - a scroll of identify {unknown}
 k - a scroll of magic mapping {unknown}
 l - a scroll of fear {unknown}
Comestibles
 d - 3 rations


   Skills:
 - Level 2.1 Fighting
 + Level 2.9 Long Blades
 - Level 1.2 Armour
 - Level 2.5 Dodging
 - Level 1.9 Spellcasting
 - Level 3.5 Charms


You had 3 spell levels left.
You knew the following spells:

 Your Spells              Type           Power        Failure   Level  Hunger
a - Infusion              Chrm           ###.         1%          1    #......
b - Shroud of Golubria    Chrm/Tloc      ###.......   2%          2    ###....


Dungeon Overview and Level Annotations

Branches:
Dungeon (2/15)

Altars:


Innate Abilities, Weirdness & Mutations

You are small and have problems with some larger weapons.
You are somewhat resistant to further mutation.


Message History

The adder completely misses you. The adder closely misses you.
You riposte.
You barely miss the adder.
The adder is heavily wounded.
The adder bites you.
* * * LOW HITPOINT WARNING * * *
Okay, then.
* * * LOW HITPOINT WARNING * * *
You feel sick. The adder completely misses you. The adder barely misses you.
You riposte.
You miss the adder.
The adder is heavily wounded.
Found 8 gold pieces.
* * * LOW HITPOINT WARNING * * *
You feel sick.
A leopard gecko comes into view.
The adder completely misses you.
* * * LOW HITPOINT WARNING * * *
You feel sick.
You are no longer poisoned.
The adder bites you.
You die...

## .. #. #. #.# #.
#. #.# ## # #. #.#
#. #l## #.# #..
..# #.# #.## #.#
#.# #...
#@####.##########.
#.SS..w.........)†
#####.####........
#.# #.......> #.#
#........ #.#
#$....... $.#
##..#.#..# #.#
#...#...##
.?......#.#.#..#


You could see 2 adders, a dart slug and a leopard gecko.

Vanquished Creatures
  2 adders (D:2)
  An ooze (D:1)
  A leopard gecko (D:1)
  3 giant cockroaches (D:1)
  2 hobgoblins
  2 jackals (D:2)
  4 kobolds (D:1)
  6 bats (D:1)
  4 frilled lizards (D:1)
  2 goblins
  4 rats
31 creatures vanquished.

Notes
Turn   | Place    | Note
-------+----------+-------------------------------------------
     0 | D:1      | newphone the Halfling Skald began the quest for the Orb.
     0 | D:1      | Reached XP level 1. HP: 14/14 MP: 3/3
   132 | D:1      | Reached XP level 2. HP: 19/19 MP: 1/4
   313 | D:1      | Reached XP level 3. HP: 24/24 MP: 3/5
  1019 | D:2      | Learned a level 2 spell: Shroud of Golubria
  1119 | D:2      | Reached XP level 4. HP: 26/29 MP: 6/6
  1186 | D:2      | HP: 1/29 [poisoned by an adder]
  1186 | D:2      | Slain by an adder

Vault maps used:
D:1:      ncdulo_halloftheorcs
D:2:      old_standard_altar, minmay_misc_feat_diagonals, minivault_26

Skill      XL: |  1  2 |
---------------+-------+-----
Fighting       | 2 |  2.1
Long Blades    | |  2.9
Armour         | |  1.2
Dodging        | |  2.5
Spellcasting   | |  1.9
Charms         | |  3.5

Action                   |  1- 3 |  4- 6 || total
-------------------------+-------+-------++-------
Melee: Falchion          |    84 |     9 ||    93
 Cast: Infusion          |    11 |       ||    11
  Use: Potion            |       |     2 ||     2
  Eat: Chunk             |     1 |       ||     1
Armor: Leather armour    |    17 |     4 ||    21
Dodge: Dodged            |    76 |    14 ||    90
       Rpst.: Falchion   |    18 |     5 ||    23

Table legend:
 A = Spawn XP
 B = Non-spawn XP
 C = Spawn XP percentage of total XP
 D = Spawn monster count
 E = Non-spawn monster count
 F = Spawn count percentage of total count
 G = Total turns spent on level
                    A         B        C        D         E        F      G
               +---------+---------+-------+---------+---------+-------+---------
         Total |       0 |      74 |   0.0 |       0 |      31 |   0.0 |  1186
               +---------+---------+-------+---------+---------+-------+---------
           D:1 |       0 |      38 |   0.0 |       0 |      23 |   0.0 |   800
           D:2 |       0 |      36 |   0.0 |       0 |       8 |   0.0 |   386
               +---------+---------+-------+---------+---------+-------+---------
